 Dungeon Crawl Stone Soup version 0.27-a0-1196-g3e9cee4cb2 (webtiles) character file.

Game seed: 3311687568568634371

434 karrick the Covert (level 6, 0/43 HPs)
             Began as a Vampire Enchanter on May 30, 2021.
             Slain by Menkaure (19 damage)
             ... on level 4 of the Dungeon.
             The game lasted 00:12:44 (4036 turns).

karrick the Covert (Vampire Enchanter)              Turns: 4036, Time: 00:12:45

Health: 0/43       AC:  5    Str:  8    XL:     6   Next: 68%
Magic:  5/10       EV: 13    Int: 17    God:
Gold:   152        SH:  5    Dex: 16    Spells: 3/10 levels left

rFire    . . .     SeeInvis +   o - +3 dagger
rCold    . . .     Faith    .   (no shield)
rNeg     . . .     Spirit   .   b - +0 robe
rPois    .         Reflect  +   p - +0 helmet
rElec    .         Harm     .   (no cloak)
rCorr    .         Rampage  .   (no gloves)
Will     .....                  v - +1 pair of boots
Stlth    ++++......             m - amulet of reflection
HPRegen  0.34/turn              (no ring)
MPRegen  0.12/turn              (no ring)

@: healing quickly
A: alive, fangs 3, see invisible, vampiric 2
a: Exsanguinate


You were on level 4 of the Dungeon.
You visited 1 branch of the dungeon, and saw 7 of its levels.

You collected 152 gold pieces.

Inventory:

Hand Weapons
 o - a +3 dagger (weapon)
 x - a +0 dagger of venom
Missiles
 r - a throwing net
Armour
 b - a +0 robe (worn)
 p - a +0 helmet (worn)
 v - a +1 pair of boots (worn)
Jewellery
 f - an amulet of faith
 m - an amulet of reflection (around neck)
Wands
 s - a wand of flame (19)
Scrolls
 a - a scroll of fog {unknown}
 c - 2 scrolls of vulnerability {unknown}
 g - a scroll of blinking {unknown}
 j - a scroll of holy word {unknown}
 k - 3 scrolls of identify {unknown}
 t - a scroll of teleportation {unknown}
 u - 2 scrolls of fear {unknown}
 w - a scroll of noise {unknown}
Potions
 d - a potion of haste {unknown}
 e - a potion of berserk rage {unknown}
 h - 3 potions of curing {unknown}
 i - a potion of invisibility {unknown}
 l - a potion of mutation {unknown}
 n - a potion of degeneration {unknown}
 q - a potion of heal wounds {unknown}


   Skills:
 + Level 1.1 Fighting
 + Level 2.4 Short Blades
 + Level 3.0 Dodging
 * Level 8.1 Stealth
 + Level 0.2 Shields
 + Level 2.8 Spellcasting
 * Level 6.8 Hexes


You had 3 spell levels left.
You knew the following spells:

 Your Spells              Type           Power      Damage    Failure   Level
a - Corona                Hex            27%        N/A       1%          1
b - Confusing Touch       Hex            25%        N/A       3%          3
c - Tukima's Dance        Hex            25%        N/A       3%          3

Your spell library contained the following spells:

 Spells                   Type           Power      Damage    Failure   Level
 Ensorcelled Hibernation  Hex/Ice        28%        N/A       7%          2
 Dazzling Flash           Conj/Hex       28%        N/A       13%         3
 Animate Skeleton         Necr           4%         N/A       19%         1
 Pain                     Necr           8%         1d4       19%         1
 Vampiric Draining        Necr           1%         2d6       47%         3
 Animate Dead             Necr           1%         N/A       87%         4
 Agony                    Necr           2%         N/A       99%         5


Dungeon Overview and Level Annotations

Branches:
Dungeon (7/15)
 Temple: D:4-7

Altars:

Shops:
D:1 [[

Annotations:
D:3 Grinder
D:4 Menkaure


Innate Abilities, Weirdness & Mutations

Your natural rate of healing is accelerated.
You have razor-sharp teeth.
You have supernaturally acute eyesight. (SInv)
You are afflicted with vampirism and can become a bat while bloodless.


Message History

The orc hits you but does no damage.
You hit the orc. You bite the orc.
You kill the orc!
No target in view!
Things that are here:
a +0 short sword; an orc corpse
Things that are here:
a +0 club; a +0 leather armour; an orc corpse You see here an orc corpse.
Found a long sword.
You see here a +0 long sword.
Found a stone staircase leading down.
There is a stone staircase leading down here.
Menkaure, Prince of Dust comes into view.
Casting: Tukima's Dance (dangerous; 3% risk of failure)
Confirm with . or Enter, or press ? or * to list all spells.
You miscast Confusing Touch.
You are very lightly contaminated with residual magic.
Nothing appears to happen.
Menkaure hits you!
Casting: Confusing Touch (dangerous; 3% risk of failure)
Confirm with . or Enter, or press ? or * to list all spells.
Your hands begin to glow red.
Menkaure hits you!
You hit Menkaure but do no damage.
Menkaure appears confused.
You bite Menkaure, but do no damage. You hit Menkaure.
Menkaure is lightly damaged.
You block Menkaure's attack.
You hit Menkaure but do no damage.
Menkaure is lightly damaged.
Menkaure barely misses you.
You hit Menkaure.
Menkaure is lightly damaged.
You hit Menkaure but do no damage.
Menkaure is lightly damaged.
Your magical contamination has completely faded away.
You catch the helpless Menkaure completely off-guard!
You puncture Menkaure! You bite Menkaure, but do no damage.
Menkaure is severely damaged.
Menkaure hits you!!
You die...

##.................#...........†.
...#######)#####.###..###########
#### #)# #.# #..# #.# #.# #..#
#.# #.# #..# #. #.# #..# #. #.#
.#.# #. #.# #..###########
#.#####@###...........†.
#......M......)......###
###########...######.### #..##
#.#.. #.## #.... #.########....
#............. ##########....
#....


You could see Menkaure (confused).

Vanquished Creatures
  An orc priest (D:3)
  An orc wizard (D:3)
  3 iguanas
  A hound zombie (D:5)
  5 gnolls
  8 adders
  2 adder skeletons (D:4)
  A worm (D:2)
  3 dart slugs
  8 orcs
  9 ball pythons
  4 endoplasms
  2 giant cockroaches
  5 goblins
  8 hobgoblins
  8 jackals
  3 quokkas
  6 bats
  3 frilled lizards
  7 kobolds
  A rat (D:1)
89 creatures vanquished.

Vanquished Creatures (collateral kills)
  An ogre (D:4)
  4 gnolls
  An orc (D:4)
  A goblin (D:3)
  A hobgoblin (D:4)
8 creatures vanquished.

Vanquished Creatures (others)
  2 dancing weapons
2 creatures vanquished.

Grand Total: 99 creatures vanquished

Notes
Turn   | Place    | Note
-------+----------+-------------------------------------------
     0 | D:1      | karrick the Vampire Enchanter began the quest for the Orb.
     0 | D:1      | Reached XP level 1. HP: 13/13 MP: 3/3
   164 | D:1      | Found Wuirog's Armour Boutique.
   349 | D:1      | Reached skill level 5 in Hexes
   374 | D:1      | Found Doci Exycon's Antique Armour Boutique.
   376 | D:1      | Reached XP level 2. HP: 19/19 MP: 5/5
   752 | D:1      | Reached skill level 5 in Stealth
   870 | D:1      | Gained mutation: You are afflicted with vampirism and can
                  | become a bat while bloodless. [Vampire growth]
   870 | D:1      | Reached XP level 3. HP: 19/24 MP: 6/6
  1042 | D:1      | Found a faded altar of an unknown god.
  1370 | D:1      | Learned a level 3 spell: Confusing Touch
  1857 | D:2      | Reached XP level 4. HP: 26/30 MP: 7/7
  2129 | D:3      | Reached skill level 6 in Stealth
  2245 | D:3      | Noticed Grinder
  2312 | D:4      | Learned a level 3 spell: Tukima's Dance
  2355 | D:3      | Reached XP level 5. HP: 36/36 MP: 2/8
  2571 | D:3      | Reached skill level 7 in Stealth
  2856 | D:4      | Noticed an ogre
  2865 | D:4      | Killed an ogre
  2866 | D:4      | Reached skill level 1 in Fighting
  2866 | D:4      | Reached XP level 6. HP: 43/43 MP: 1/9
  3322 | D:4      | You fall into a shaft and drop 3 floors!
  3323 | D:7      | Noticed a hornet
  3343 | D:6      | Noticed a troll
  3344 | D:5      | Entered Level 5 of the Dungeon
  3714 | D:4      | Reached skill level 8 in Stealth
  4020 | D:4      | Noticed Menkaure
  4036 | D:4      | Slain by Menkaure

Illustrated notes

Levels and vault maps discovered:
D:1:      wander_arrival_chamber, layout_basic, serial_shops,
          nicolae_shop_window_shopping, shop,
          shapermc_ecumenical_altar_mp_ritualfount
D:2:      layout_basic
D:3:      layout_loops_ring, serial_bayou_pond_a, uniq_grinder
D:4:      layout_loops_ring, chequers_serial_rivers_small_b,
          kennysheep_small_circle, uniq_menkaure
D:5:      cheibrodos_iron_armory, layout_loops_ring, temple_fountains,
          nicolae_zen_rock_garden
D:6:      layout_cave_pools, serial_gnoll_camp, gnoll_camp_mini_hut,
          gnoll_camp_mini_hut, gnoll_camp_mini_hut, grums_kennel,
          gnoll_camp_mini_house, serial_bayou_pond_c, mrwooster_statue_mirror,
          minmay_manual_mess
D:7:      layout_rooms, serial_shops, shop_statue, minivault_4,
          uniq_crazy_yiuf_cottage

Skill      XL: |  1  2  3  4  5  6 |
---------------+-------------------+-----
Hexes          | 5 6 |  6.8
Stealth        | 5 6 7 8 |  8.1
Short Blades   | 2 |  2.4
Fighting       | 1 |  1.1
Dodging        | 3 |  3.0
Shields        | |  0.2
Spellcasting   | |  2.8

Action                   |  1- 3 |  4- 6 || total
-------------------------+-------+-------++-------
Melee: Dagger            |   165 |   162 ||   327
       Bite              |     7 |    15 ||    22
 Cast: Corona            |     5 |     4 ||     9
       Confusing Touch   |     2 |    11 ||    13
       Tukima's Dance    |       |    16 ||    16
 Stab: Sleeping          |    14 |    20 ||    34
       Confused          |     2 |     6 ||     8
Armor: Robe              |    42 |    10 ||    52
Dodge: Dodged            |   109 |    62 ||   171
Block: Other             |       |    23 ||    23

Table legend: (Time is in decaauts)
 A = Elapsed time spent in this place.
 B = Non-inter-level travel time spent in this place.
 C = Inter-level travel time spent in this place.
 D = Time resting spent in this place.
 E = Time spent auto-exploring this place.
 F = Levels seen in this place.
 G = Mean time per level.
                   A        B        C        D        E       F      G
               +--------+--------+--------+--------+--------+-----+--------+
         Total |   4011 |   3945 |     66 |    216 |   2437 |   7 |  573.0 |
       Dungeon |   4011 |   3945 |     66 |    216 |   2437 |   7 |  573.0 |
               +--------+--------+--------+--------+--------+-----+--------+

Top non-repeatable levels by time:
     D:1: 1283 daAuts
     D:4: 891 daAuts
     D:2: 797 daAuts
     D:3: 781 daAuts
     D:5: 235 daAuts
     D:7: 13 daAuts
     D:6: 7 daAuts
